 Dungeon Crawl Stone Soup version 0.30-a0-509-gd016549fea (webtiles) character file.

Game seed: 344329089600153990

8 gelatine the Stinger (level 2, -2/19 HPs)
             Began as a Demonspawn Venom Mage on Dec 22, 2022.
             Slain by a jackal (3 damage)
             ... on level 1 of the Dungeon.
             The game lasted 00:01:22 (206 turns).

gelatine the Stinger (Demonspawn Venom Mage)         Turns: 206, Time: 00:01:23

Health: -2/19      AC:  2    Str:  8    XL:     2   Next: 0%
Magic:  1/5        EV: 12    Int: 16    God:
Gold:   6          SH:  4    Dex: 13    Spells: 4/5 levels left

rFire   . . .      SeeInvis .    (no weapon)
rCold   . . .      Faith    .    (no shield)
rNeg    . . .      Spirit   .    a - +0 robe
rPois   .          Reflect  .    (no helmet)
rElec   .          Harm     .    (no cloak)
rCorr   .          Rampage  .    (no gloves)
Will    .....                    (no boots)
Stlth   ++........               (no amulet)
HPRegen 0.23/turn                (no ring)
MPRegen 0.09/turn                (no ring)

@: no status effects
A: condensation shield
a: no special abilities


You were on level 1 of the Dungeon.
You visited 1 branch of the dungeon, and saw 1 of its levels.

You collected 6 gold pieces.

Inventory:

Armour
 a - a +0 robe (worn)
Scrolls
 f - a scroll of poison {unknown}
Potions
 c - a potion of might {unknown}
 d - a potion of invisibility {unknown}
 e - a potion of ambrosia {unknown}


   Skills:
 + Level 2.1 Dodging
 + Level 1.7 Stealth
 + Level 2.2 Spellcasting
 + Level 0.8 Transmutations
 + Level 3.1 Poison Magic


You had 4 spell levels left.
You knew the following spells:

 Your Spells              Type           Power      Damage    Failure   Level
a - Sting                 Tmut/Pois      32%        1d4       9%          1

Your spell library contained the following spells:

 Spells                   Type           Power      Damage    Failure   Level
 Poisonous Vapours        Pois/Air       12%        N/A       16%         2
 Mephitic Cloud           Conj/Pois/Air  5%         N/A       36%         3
 Olgreb's Toxic Radiance  Pois           11%        N/A       50%         4


Dungeon Overview and Level Annotations

Branches:
Dungeon (1/15)

Altars:


Innate Abilities, Weirdness & Mutations

A meltable shield of frost defends you. (SH +4)


Message History

You kill the jackal!
The bat hits you but does no damage.
The jackal bites you but does no damage.
You have reached level 2!
Your demonic ancestry asserts itself...
Frost condenses into a shield before you.
You hit the jackal but do no damage.
The bat looks more healthy.
The bat misses you. The jackal bites you.
You hit the jackal.
The jackal is moderately wounded.
The bat closely misses you. The jackal closely misses you.
The jackal misses you.
You closely miss the jackal.
The jackal is moderately wounded.
The jackal bites you but does no damage.
You block the bat's attack.
You hit the jackal but do no damage.
The jackal is moderately wounded.
The bat hits you. The jackal misses you.
You hit the jackal but do no damage.
The jackal is moderately wounded.
The bat hits you but does no damage. You block the jackal's attack.
The bat hits you.
The jackal bites you but does no damage.
You hit the jackal.
The jackal is heavily wounded.
The bat completely misses you.
You closely miss the jackal. The bat hits you but does no damage.
The jackal bites you.
* * * LOW HITPOINT WARNING * * *
The jackal bites you.
* * * LOW HITPOINT WARNING * * *
The jackal barely misses you. The jackal bites you.
* * * LOW HITPOINT WARNING * * *
The bat hits you but does no damage.
Unknown command.
You closely miss the jackal. The bat barely misses you. The jackal bites you.
* * * LOW HITPOINT WARNING * * *
The jackal bites you.
You die...

..###....##.....
#.......##...# ....
#....##)##...#######.#..
...##.##.............^
.######.##......#
.......
................## h....
#######.##.####br# ...
###.##.# #.h###.##
#......# #†@h††..#
#...#### #.####.......
#...### #......###..^
#.....# ######..... ...
#..##.###...##.#.#.##..#
#.###..#..#..#..........
r
#.####...#.#..#####...^
.
#.......#.(.#..........
.$ #..#####.....#####.##
..


You could see 2 jackals, a bat and a rat.

Vanquished Creatures
  A bat (D:1)
  An endoplasm (D:1)
  A goblin (D:1)
  2 jackals (D:1)
  2 rats (D:1)
7 creatures vanquished.

Notes
Turn   | Place    | Note
-------+----------+-------------------------------------------
     0 | D:1      | gelatine the Demonspawn Venom Mage began the quest for the
                  | Orb.
     0 | D:1      | Reached XP level 1. HP: 13/13 MP: 3/3
   199 | D:1      | Gained mutation: A meltable shield of frost defends you.
                  | (SH +4) [demonic ancestry]
   199 | D:1      | Reached XP level 2. HP: 9/19 MP: 0/5
   206 | D:1      | Slain by a jackal

Illustrated notes

Levels and vault maps discovered:
D:1:      scummos_arrival_star, layout_basic,
          shapermc_ecumenical_altar_rom_forum, minmay_ruptured

Skill      XL: |  1 |
---------------+----+-----
Dodging        | 2 |  2.1
Stealth        | |  1.7
Spellcasting   | |  2.2
Transmutations | |  0.8
Poison Magic   | |  3.1

Action                   || total
-------------------------++-------
Melee: Unarmed           ||    35
 Cast: Sting             ||    14
  Use: Potion            ||     1
Armor: Robe              ||    26
Dodge: Dodged            ||    50
Block: Other             ||     2

Table legend: (Time is in decaauts)
 A = Elapsed time spent in this place.
 B = Non-inter-level travel time spent in this place.
 C = Inter-level travel time spent in this place.
 D = Time resting spent in this place.
 E = Time spent auto-exploring this place.
 F = Levels seen in this place.
 G = Mean time per level.
                   A        B        C        D        E       F      G
               +--------+--------+--------+--------+--------+-----+--------+
         Total |    206 |    206 |      0 |      0 |    102 |   1 |  206.0 |
       Dungeon |    206 |    206 |      0 |      0 |    102 |   1 |  206.0 |
               +--------+--------+--------+--------+--------+-----+--------+

Top non-repeatable levels by time:
     D:1: 206 daAuts
